 Dungeon Crawl Stone Soup version 0.17-a0-1-g1f4be75 (webtiles) character file.

1802 Malachi the Archer (level 8, -1/66 HPs)
             Began as a Centaur Hunter on Mar 5, 2015.
             Slain by a killer bee (4 damage)
             ... on level 8 of the Dungeon.
             The game lasted 00:19:10 (7750 turns).

Malachi the Archer (Centaur Hunter)                 Turns: 7750, Time: 00:19:10

Health: -1/66      AC:  8    Str: 15    XL:     8   Next: 83%
Magic:  6/6        EV: 10    Int: 10    God:
Gold:   464        SH:  0    Dex: 12    Spells: 0 memorised, 7 levels left

rFire  + . .     SeeInvis .     C - +1 great sword
rCold  + + .     Clarity  .     q - +3 leather armour {rC+}
rNeg   . . .     SustAb   .     (no shield)
rPois  +         Gourm    .     (no helmet)
rElec  +         Spirit   .     x - +0 cloak
rCorr  +         Warding  .     (no gloves)
rMut   .         Stasis   .     (no barding)
MR     .....                    (no amulet)
Stlth  +.........               (no ring)
                                (no ring)

@: lethally poisoned (-1 -> -10), resistant, marked, very quick, not resistant
to hostile enchantments, very unstealthy
A: hooves 3, deformed body, speed 2, tough skin 3
a: no special abilities


You were on level 8 of the Dungeon.
You were not hungry.

You visited 2 branches of the dungeon, and saw 9 of its levels.
You also visited: Ossuary.

You collected 464 gold pieces.

Inventory:

Hand weapons
 a - a cursed +0 blowgun
 b - a +1 shortbow
 t - a +0 long sword
 C - a +1 great sword (weapon)
Missiles
 c - 85 arrows
 g - 36 poisoned needles
Armour
 d - a cursed +0 buckler
 q - a +3 leather armour of cold resistance (worn)
 v - a +3 scale mail
 x - a +0 cloak (worn)
Magical devices
 o - a wand of teleportation (5)
 s - a wand of digging (11)
Scrolls
 e - 3 scrolls of remove curse
 h - a scroll of magic mapping
 j - 2 scrolls of teleportation
 k - 2 scrolls of identify
 D - a scroll of amnesia
Potions
 m - a potion of cancellation
 p - a potion of restore abilities
 u - 2 potions of resistance
 w - a potion of magic {unknown}
Comestibles
 f - 7 bread rations
 i - a beef jerky
 n - 4 meat rations
 A - a slice of pizza


   Skills:
 + Level 3.7 Fighting
   Level 0.3(1.3) Short Blades
 + Level 2.1(2.2) Long Blades
 * Level 12.2 Bows
 + Level 2.5 Armour
 + Level 3.7 Dodging
 + Level 1.0 Stealth


You had 7 spell levels left.
You didn't know any spells.

Dungeon Overview and Level Annotations

Branches:
Dungeon (9/15)             Temple (1/1) D:4
   Lair: D:8-11         Orc: D:9-12

Altars:
Ashenzari
Dithmenos
Elyvilon
Fedhas
Gozag
Kikubaaqudgha
Makhleb
Nemelex Xobeh
Qazlal
Ru
Sif Muna
Vehumet
Xom
Yredelemnul
Zin
The Shining One


Innate Abilities, Weirdness & Mutations

You have hooves in place of feet.
Armour fits poorly on your strangely shaped body.
You cover ground very quickly.
You have extremely tough skin (AC +3).


Message History

You are poisoned.
The killer bee poisons you!
You slash the killer bee!
You kill the killer bee!
Your Stealth skill increases to level 1!
You feel sick.
The killer bee stings you but does no damage.
The killer bee stings you.
* * * LOW HITPOINT WARNING * * *
The killer bee stings you.
* * * LOW HITPOINT WARNING * * *
You are lethally poisoned!
The killer bee poisons you!
Drink which item? (? for menu, Esc to quit)
Okay, then.
Drink which item? (? for menu, Esc to quit)
You feel protected.
* * * LOW HITPOINT WARNING * * *
You feel sick. The killer bee closely misses you. The killer bee stings you.
You die...

. #####. ##(#.(
##..(.# #...(.#
#.####.((.#
........(..#
#.#####y### . #@# (..
##'## ..# ##...## ..#
##.....## #.#
##.......## ##.##
#........!####...#####
+.........'...........
#.........#.........##
##.......##.###.###.#


You could see a killer bee.

Vanquished Creatures
  A deep elf fighter (D:6)
  A water moccasin (D:8)
  A sky beast (D:6)
  A black bear (D:4)
  2 ogres (D:4)
  A giant frog (D:6)
  A scorpion (D:5)
  5 killer bees (D:8)
  3 wights (D:6)
  A centaur zombie (D:8)
  A giant frog zombie (D:4)
  2 hounds
  An orc priest (D:8)
  4 orc wizards
  A giant frog skeleton (D:5)
  2 iguanas (D:4)
  7 worker ants
  Jessica (D:2)
  A hound zombie (D:9)
  8 mummies (Ossuary)
  Robin (D:2)
  3 adders
  A giant mite (D:5)
  A shadow imp (D:5)
  An adder skeleton (D:5)
  2 giant geckos
  20 orcs
  A ball python (D:1)
  6 bats
  A bat skeleton (D:4)
  5 giant cockroaches
  4 gnoll zombies (Ossuary)
  12 hobgoblins
  4 jackals (D:3)
  3 quokkas
  2 giant newts
  18 goblins
  A jackal skeleton (D:4)
  A jackal zombie (D:5)
  10 kobolds
  3 kobold zombies (Ossuary)
  An orc zombie (Ossuary)
  4 rats
150 creatures vanquished.

Vanquished Creatures (others)
  An orc (D:4)
1 creature vanquished.

Grand Total: 151 creatures vanquished

Notes
Turn   | Place    | Note
--------------------------------------------------------------
     0 | D:1      | Malachi, the Centaur Hunter, began the quest for the Orb.
     0 | D:1      | Reached XP level 1. HP: 17/17 MP: 1/1
   537 | D:1      | Reached XP level 2. HP: 5/24 MP: 2/2
  1288 | D:2      | Noticed Jessica
  1294 | D:2      | HP: 1/24 [Jessica/nerve-wracking pain (11)]
  1299 | D:2      | Killed Jessica
  1299 | D:2      | Reached skill level 6 in Bows
  1299 | D:2      | Reached XP level 3. HP: 1/29 MP: 3/3
  1822 | D:2      | Noticed Robin
  1861 | D:2      | Reached skill level 1 in Armour
  1892 | D:2      | Killed Robin
  1892 | D:2      | Reached XP level 4. HP: 20/37 MP: 3/3
  3199 | D:4      | Reached skill level 7 in Bows
  3199 | D:4      | Reached XP level 5. HP: 40/42 MP: 4/4
  3734 | D:4      | Reached XP level 6. HP: 17/50 MP: 5/5
  4089 | D:4      | Reached skill level 8 in Bows
  4105 | D:4      | Noticed a black bear
  4115 | D:4      | Killed a black bear
  4162 | D:4      | Noticed an ogre
  4163 | D:4      | Noticed an ogre
  4184 | D:4      | Killed an ogre
  4199 | D:4      | Killed an ogre
  4199 | D:4      | Reached skill level 9 in Bows
  4199 | D:4      | Reached XP level 7. HP: 54/56 MP: 5/5
  4352 | D:4      | Found a staircase to the Ecumenical Temple.
  4387 | Temple   | Entered the Ecumenical Temple
  4902 | D:4      | Found a shimmering altar of Xom.
  4904 | D:4      | Found a glowing golden altar of the Shining One.
  5003 | D:5      | Entered Level 5 of the Dungeon
  5156 | D:5      | Found a sparkling altar of Nemelex Xobeh.
  5163 | D:5      | Found a shattered altar of Ashenzari.
  5299 | D:5      | Found a sand-covered staircase.
  5304 | Ossuary  | Entered an ossuary
  5332 | Ossuary  | Reached skill level 1 in Long Blades
  5567 | Ossuary  | Reached skill level 10 in Bows
  6522 | D:6      | Reached XP level 8. HP: 63/63 MP: 6/6
  6713 | D:6      | Reached skill level 11 in Bows
  6949 | D:6      | Found a deep blue altar of Sif Muna.
  7150 | D:6      | You fall through a shaft for 3 floors!
  7589 | D:8      | Reached skill level 12 in Bows
  7749 | D:8      | Reached skill level 1 in Stealth
  7750 | D:8      | HP: 3/66 [poisoned by a killer bee]
  7750 | D:8      | Slain by a killer bee

Action                   |  1- 3 |  4- 6 |  7- 9 || total
-------------------------+-------+-------+-------++-------
Melee: Short sword       |    92 |    43 |       ||   135
       Falchion          |       |    23 |       ||    23
       Long sword        |       |       |    86 ||    86
       Great sword       |       |       |    37 ||    37
 Fire: Shortbow          |    22 |   126 |   213 ||   361
  Use: Scroll            |       |     6 |    11 ||    17
       Potion            |       |       |    12 ||    12
  Eat: Meat ration       |     1 |       |     1 ||     2
       Chunk             |       |     3 |     3 ||     6
       Beef jerky        |       |       |     1 ||     1
